 Dungeon Crawl Stone Soup version 0.18.1-50-g88ac8fd (webtiles) character file.

943 Gaplan the Ducker (level 7, -13/62 HPs)
             Began as a Purple Draconian Transmuter on Oct 16, 2016.
             Mangled by Menkaure (23 damage)
             ... on level 5 of the Dungeon.
             The game lasted 00:27:18 (6426 turns).

Gaplan the Ducker (Purple Draconian Transmuter)     Turns: 6426, Time: 00:27:18

Health: -13/62     AC:  2    Str: 12      XL:     7   Next: 88%
Magic:  4/13       EV: 23    Int: 11 (16) God:
Gold:   226        SH:  0    Dex: 16      Spells: 3 memorised, 8 levels left

rFire  . . .     SeeInvis +       - Unarmed
rCold  . . .     Gourm    +     (armour unavailable)
rNeg   . . .     Faith    .     (shield currently unavailable)
rPois  x         Spirit   .     (helmet currently unavailable)
rElec  .         Dismiss  .     (cloak currently unavailable)
rCorr  .         Reflect  .     (gloves currently unavailable)
SustAt .         Harm     .     (boots currently unavailable)
MR     +....     Rnd*Tele +     i - amulet of the gourmand
Stlth  +.........               n - ring of flight
                                e - ring of see invisible

@: spider-form, glowing, somewhat resistant to hostile enchantments, very
unstealthy
A: (breathe power), unfitting armour, (antennae 0), deterioration 1, robust 1,
teleportitis 1, (cold-blooded), AC +6
a: End Transformation, Evoke Flight


You were on level 5 of the Dungeon.
You were not hungry.
You were a venomous arachnid creature.
You visited 1 branch of the dungeon, and saw 5 of its levels.

You collected 226 gold pieces.

Inventory:

Hand Weapons
 m - a +3 quarterstaff of chaos (melded)
 A - a +0 short sword
Missiles
 a - 78 arrows
Armour
 o - a +1 large shield
 w - a +0 helmet
Jewellery
 e - a ring of see invisible (left front leg)
 f - an uncursed ring of fire
 i - an amulet of the gourmand (around neck)
 n - a ring of flight (right front leg)
 p - an uncursed amulet of harm
Wands
 z - a wand of random effects (9/48)
Scrolls
 d - 3 scrolls of enchant armour
 g - a scroll of noise {unknown}
 h - a scroll of recharging {unknown}
 j - 2 scrolls of identify
 k - a scroll of fear {unknown}
 q - a scroll of teleportation {unknown}
 r - 2 scrolls of random uselessness {unknown}
 t - 2 scrolls of remove curse
 u - 2 scrolls of immolation {unknown}
 y - 4 scrolls of amnesia {unknown}
Potions
 l - a potion of berserk rage {unknown}
 x - a potion of agility {unknown}
Books
 b - a book of Changes

   Spells                             Type                      Level
   a - Beastly Appendage              Transmutation                1
   b - Sticks to Snakes               Transmutation                2
   c - Spider Form                    Transmutation/Poison         3
   d - Ice Form                       Ice/Transmutation            4
   e - Blade Hands                    Transmutation                5
Comestibles
 c - 4 bread rations
 s - 2 fruits
 v - a beef jerky
 B - a meat ration


   Skills:
 + Level 3.4 Fighting
 + Level 1.5 Staves
 + Level 4.9 Dodging
 + Level 1.4 Stealth
 + Level 4.3 Unarmed Combat
 + Level 4.1 Spellcasting
 + Level 3.4 Transmutations
 + Level 2.8 Poison Magic


You had 8 spell levels left.
You knew the following spells:

 Your Spells              Type           Power        Failure   Level  Hunger
a - Beastly Appendage     Trmt           #.....       17%         1    #......
b - Spider Form           Trmt/Pois      #.........   41%         3    ###....
c - Sticks to Snakes      Trmt           #.......     24%         2    ##.....


Dungeon Overview and Level Annotations

Branches:
Dungeon (5/15)
 Temple: D:4-7

Altars:
Makhleb
Nemelex Xobeh
Xom
Yredelemnul
Zin

Annotations:
D:5 Menkaure


Innate Abilities, Weirdness & Mutations

((You can breathe bolts of dispelling energy.))
((Your rich purple scales are hard (AC +6).))
Your body does not fit into most forms of armour.
((You are cold-blooded and may be slowed by cold attacks.))
((You have a pair of small antennae on your head.))
Your body sometimes deteriorates upon taking damage.
You are robust (+10% HP).
You are occasionally teleported next to monsters.


Message History

Zapping:
z - a wand of random effects {zapped: 3} (will waste charges)
Press: ? - help, Shift-Dir - straight line, f/p - Menkaure
Aim: Menkaure (heavily damaged, fast, haloed)
The puff of flame hits Menkaure.
Menkaure is heavily damaged.
Evoking this partially-identified wand wasted a few charges.
The angel stares off into space for a moment.
Evoke which item? (* to show all) (? for menu, Esc to quit)
Zapping:
z - a wand of random effects {zapped: 6} (will waste charges)
Press: ? - help, Shift-Dir - straight line, f/p - Menkaure
Aim: Menkaure (heavily damaged, fast, haloed) Menkaure flickers and vanishes for a moment.
Evoking this partially-identified wand wasted a few charges.
Menkaure closely misses you.
Casting: Sticks to Snakes
Confirm with . or Enter, or press ? or * to list all spells.
You turn into a venomous arachnid creature.
Your +3 quarterstaff of chaos melds into your body.
Menkaure hits you!!
You die...

..........#.......#...'.....#
..................#...#.....#
..................#...#.....#
...........#####..###'#.....#####
...........#A..#.................
.........._#...#_................
...........#...#.................
...........#####.................
..####+##......Ms................
..#......+.......................
..#......#..................#'###
..#......#..................#....
..#......#.......############....
.M#......#.......# #.........#
..#......+.......# #.........#
..# #.......# #....##...# ..#
#######'######


You could see an angel (confused) and Menkaure (invisible).

Vanquished Creatures
  Eustachio (D:4)
  A phantom (D:5)
  A centaur (D:5)
  Blork the orc (D:4)
  A scorpion (D:4)
  A jelly (D:5)
  A crimson imp (D:5)
  A hound (D:5)
  Crazy Yiuf (D:3)
  A giant frog skeleton (D:4)
  2 orc wizards (D:4)
  A centaur skeleton (D:4)
  2 iguanas (D:4)
  4 gnolls
  11 adders
  An ooze (D:3)
  2 worms
  5 giant geckos
  2 orcs (D:4)
  5 giant cockroaches
  7 goblins
  13 hobgoblins
  15 jackals
  2 quokkas
  11 bats
  6 giant newts
  5 kobolds
  8 rats
112 creatures vanquished.

Notes
Turn   | Place    | Note
--------------------------------------------------------------
     0 | D:1      | Gaplan the Draconian Transmuter began the quest for the Orb.
     0 | D:1      | Reached XP level 1. HP: 16/16 MP: 3/3
   176 | D:1      | Reached XP level 2. HP: 23/23 MP: 5/5
   628 | D:1      | Reached XP level 3. HP: 26/28 MP: 4/6
   633 | D:1      | Learned a level 3 spell: Spider Form
  1258 | D:1      | Reached XP level 4. HP: 35/36 MP: 3/7
  2948 | D:3      | Reached XP level 5. HP: 40/42 MP: 4/8
  3164 | D:3      | Noticed Crazy Yiuf
  3184 | D:3      | Killed Crazy Yiuf
  3184 | D:3      | Reached skill level 1 in Stealth
  3184 | D:3      | Reached skill level 1 in Poison Magic
  3999 | D:4      | Noticed Blork the orc
  4006 | D:4      | Killed Blork the orc
  4006 | D:4      | Reached XP level 6. HP: 29/50 MP: 5/9
  5000 | D:4      | Noticed Eustachio
  5056 | D:3      | Gained mutation: Your body sometimes deteriorates upon taking damage. [potion of mutation]
  5056 | D:3      | Gained mutation: You are occasionally teleported next to monsters. [potion of mutation]
  5056 | D:3      | Gained mutation: You have a pair of small antennae on your head. [potion of mutation]
  5058 | D:3      | Gained mutation: You are robust (+10% HP). [potion of beneficial mutation]
  5117 | D:4      | Killed Eustachio
  5221 | D:4      | Your scales start taking on a rich purple colour.
  5221 | D:4      | Reached XP level 7. HP: 30/61 MP: 10/12
  5428 | D:4      | Found a sparkling altar of Nemelex Xobeh.
  5617 | D:4      | Reached skill level 1 in Staves
  5954 | D:5      | Entered Level 5 of the Dungeon
  5982 | D:5      | Learned a level 2 spell: Sticks to Snakes
  5993 | D:5      | Found a burning altar of Makhleb.
  6069 | D:5      | Found a basalt altar of Yredelemnul.
  6211 | D:5      | Found a glowing silver altar of Zin.
  6212 | D:5      | Noticed an angel
  6215 | D:5      | Found a shimmering altar of Xom.
  6391 | D:5      | Noticed Menkaure
  6426 | D:5      | Mangled by Menkaure

Skill      XL: |  1  2  3  4  5  6  7 |
---------------+----------------------+-----
Dodging        | 2 3 4 |  4.9
Fighting       | 2 3 |  3.4
Stealth        | 1 |  1.4
Poison Magic   | 1 2 |  2.8
Unarmed Combat | 4 |  4.3
Transmutations | 3 |  3.4
Spellcasting   | 3 4 |  4.1
Staves         | 1 |  1.5

Action                   |  1- 3 |  4- 6 |  7- 9 || total
-------------------------+-------+-------+-------++-------
Melee: Unarmed           |   148 |   175 |    37 ||   360
       Tailslap          |    11 |     7 |     2 ||    20
       Kick              |     5 |       |       ||     5
       Headbutt          |     1 |       |       ||     1
       Punch             |     1 |       |       ||     1
       Quarterstaff      |       |    43 |    32 ||    75
 Cast: Beastly Appendage |     4 |       |       ||     4
       Spider Form       |     3 |    22 |     8 ||    33
       Sticks to Snakes  |       |       |     9 ||     9
Evoke: Wand              |       |       |     3 ||     3
  Use: Scroll            |       |     7 |       ||     7
       Potion            |       |     7 |       ||     7
 Stab: Sleeping          |     2 |       |       ||     2
  Eat: Chunk             |     2 |    10 |    10 ||    22
       Royal jelly       |       |     1 |       ||     1
       Bread ration      |       |     1 |       ||     1
Armor: Skin              |    43 |    64 |    10 ||   117
Dodge: Dodged            |   129 |   320 |    53 ||   502
